 Dungeon Crawl Stone Soup version 0.28.0 (webtiles) character file.

Game seed: 6794312720886098911

164 GordonOverkill the Ruffian (level 5, -11/42 HPs)
             Began as a Ghoul Hedge Wizard on Feb 15, 2022.
             Was an Initiate of Okawaru.
             Mangled by Menkaure (12 damage)
             ... on level 4 of the Dungeon.
             The game lasted 00:05:56 (4858 turns).

GordonOverkill the Ruffian (Ghoul Hedge Wizard)     Turns: 4858, Time: 00:05:56

Health: -11/42     AC: 11    Str: 16    XL:     5   Next: 45%
Magic:  8/8        EV:  6    Int: 12    God:    Okawaru [......]
Gold:   75         SH:  0    Dex:  8    Spells: 8/9 levels left

rFire   . . .      SeeInvis .     - Unarmed
rCold   + . .      Faith    .   (no shield)
rNeg    + + +      Spirit   .   g - +0 chain mail
rPois   ∞          Reflect  .   a - +1 helmet {Int+3}
rElec   .          Harm     .   (no cloak)
rCorr   .          Rampage  .   (no gloves)
Will    .....                   k - +0 pair of boots
Stlth   ..........              (no amulet)
HPRegen 0.00/turn               (no ring)
MPRegen 0.11/turn               (no ring)

@: inhibited regen
A: claws 1, cold resistance 1, negative energy resistance 3, inhibited
regeneration, torment resistance 2
a: Renounce Religion


You were on level 4 of the Dungeon.
You worshipped Okawaru.
Okawaru was noncommittal.
You visited 1 branch of the dungeon, and saw 4 of its levels.

You collected 75 gold pieces.

Inventory:

Missiles
 i - 3 poisoned darts (quivered)
Armour
 a - a +1 helmet of intelligence (worn)
 c - a +0 leather armour of fire resistance
 g - a +0 chain mail (worn)
 k - a +0 pair of boots (worn)
Jewellery
 j - a +4 ring of slaying
Wands
 f - a wand of iceblast (8)
 p - a wand of polymorph (5)
Scrolls
 b - a scroll of silence {unknown}
 m - a scroll of teleportation {unknown}
 o - a scroll of identify
Potions
 d - a potion of flight
 e - a potion of ambrosia {unknown}
 h - a potion of heal wounds {unknown}
 l - a potion of mutation {unknown}
 n - a potion of might {unknown}


   Skills:
 + Level 2.5 Fighting
 + Level 0.1 Throwing
 + Level 0.7 Armour
 - Level 1.7 Dodging
 - Level 2.1 Stealth
 * Level 4.0 Unarmed Combat
 - Level 2.6 Spellcasting
 - Level 0.7 Conjurations
 - Level 0.8 Summonings
 - Level 0.8 Translocations
 + Level 1.1 Invocations
 + Level 0.4 Evocations


You had 8 spell levels left.
You knew the following spells:

 Your Spells              Type           Power      Damage    Failure   Level
a - Magic Dart            Conj           12%        1d3       98%         1

Your spell library contained the following spells:

 Spells                   Type           Power      Damage    Failure   Level
 Slow                     Hex            4%         N/A       99%         1
 Blink                    Tloc           6%         N/A       99%         2
 Conjure Flame            Conj/Fire      2%         6-21      100%        3
 Dazzling Flash           Conj/Hex       4%         N/A       100%        3
 Mephitic Cloud           Conj/Pois/Air  2%         N/A       100%        3
 Iskenderun's Mystic Bla  Conj/Tloc      3%         2d3       100%        4
 Starburst                Conj/Fire      1%         6d3       100%        6
 Call Imp                 Summ           Unusable   N/A       N/A         2

Dungeon Overview and Level Annotations

Branches:
Dungeon (4/15)             Temple (0/1) D:4

Altars:
Okawaru

Annotations:
D:2 Sigmund
D:3 3 runed translucent doors, Jaqob's ghost, amateur HOBe; mn3067's ghost, amateur GrFi; solaroid's ghost, amateur KoHu
D:4 Menkaure


Innate Abilities, Weirdness & Mutations

You thrive by killing the living.
You are immune to poison.
You have sharp fingernails.
Your flesh is cold resistant. (rC+)
You are immune to negative energy. (rN+++)
You do not regenerate when monsters are visible.
You are immune to unholy pain and torment.


Message History

No target in view!
You now have 75 gold pieces (gained 15).
Menkaure, Prince of Dust comes into view.
Found an escape hatch in the ceiling.
Menkaure shouts!
Menkaure mumbles some strange words.
Menkaure seems to speed up.
Menkaure is nearby!
Menkaure is nearby!
Menkaure is nearby!
Unknown command.
Menkaure barely misses you.
You scratch Menkaure.
Menkaure is lightly damaged.
Menkaure hits you!
* * * LOW HITPOINT WARNING * * *
Menkaure hits you!
* * * LOW HITPOINT WARNING * * *
You scratch Menkaure.
Menkaure is moderately damaged.
Menkaure hits you but does no damage.
You claw Menkaure!
Menkaure is heavily damaged.
Menkaure hits you.
* * * LOW HITPOINT WARNING * * *
You scratch Menkaure.
Menkaure is severely damaged.
Menkaure hits you!
* * * LOW HITPOINT WARNING * * *
You scratch Menkaure.
Menkaure is severely damaged.
Menkaure hits you but does no damage.
Unknown command.
Unknown command.
Okay, then.
Unknown command.
You scratch Menkaure but do no damage.
Menkaure is severely damaged.
Menkaure hits you!
You die...

##...##...(.# #...#.......######
.##.##..##..# ##...#.....<.....#
..#.#..##..## #....######..###.#
#†....##.... #...# #...#
#.....#....). #...# #...##
.............##...########...#.#
.....#.........................#
.....#........#.......#####....#
.....####### #.@..........<...#
.....# #M##....####.....# .#####
... ###### ....#.# . .....
#..#>#.# . ....... ##.#.#.# .
..<...# #. .. . ...... . ......


You could see Menkaure (fast).

Vanquished Creatures
  A hound (D:4)
  A hound skeleton (D:4)
  Robin (D:2)
  5 adders
  A white imp (D:4)
  A dart slug (D:4)
  9 endoplasms
  A giant cockroach (D:1)
  10 goblins
  8 hobgoblins
  3 ball pythons
  5 bats
  2 frilled lizards
  6 kobolds
  2 rats
56 creatures vanquished.

Notes
Turn   | Place    | Note
-------+----------+-------------------------------------------
     0 | D:1      | GordonOverkill the Ghoul Hedge Wizard began the quest for
                  | the Orb.
     0 | D:1      | Reached XP level 1. HP: 14/14 MP: 3/3
   382 | D:1      | Reached skill level 1 in Unarmed Combat
   514 | D:1      | Reached XP level 2. HP: 22/22 MP: 2/4
   626 | D:1      | Found a faded altar of an unknown god.
   629 | D:1      | Reached skill level 1 in Fighting
  1260 | D:2      | Noticed Robin
  1547 | D:1      | Reached skill level 2 in Unarmed Combat
  1883 | D:2      | Reached XP level 3. HP: 14/28 MP: 0/6
  2200 | D:2      | Noticed Sigmund
  2750 | D:2      | Reached skill level 3 in Unarmed Combat
  3028 | D:2      | Killed Robin
  3029 | D:2      | Reached XP level 4. HP: 36/36 MP: 0/7
  3729 | D:2      | Found an iron altar of Okawaru.
  3738 | D:2      | Became a worshipper of Warmaster Okawaru
  4067 | D:3      | Found a runed translucent gate.
  4067 | D:3      | Found a runed translucent gate.
  4067 | D:3      | Found a runed translucent gate.
  4067 | D:3      | Noticed solaroid's ghost (amateur KoHu)
  4067 | D:3      | Noticed Jaqob's ghost (amateur HOBe)
  4068 | D:3      | Noticed mn3067's ghost (amateur GrFi)
  4715 | D:4      | Found a staircase to the Ecumenical Temple.
  4726 | D:4      | Reached skill level 1 in Invocations
  4726 | D:4      | Reached XP level 5. HP: 42/42 MP: 8/8
  4845 | D:4      | Reached skill level 4 in Unarmed Combat
  4850 | D:4      | Noticed Menkaure
  4856 | D:4      | HP: 1/42 [Menkaure (11)]
  4858 | D:4      | Mangled by Menkaure

Illustrated notes

Levels and vault maps discovered:
D:1:      kennysheep_arrival_forest, layout_rooms,
          shapermc_ecumenical_altar_pompeii
D:2:      layout_loops_cross, basic_altar, minmay_statues_item, uniq_robin,
          uniq_sigmund
D:3:      layout_rooms, gammafunk_ghost_cemetery, kennysheep_generic_room_8
D:4:      layout_basic, minmay_temple_entry_waves, kennysheep_generic_room_10,
          uniq_menkaure

Skill      XL: |  1  2  3  4  5 |
---------------+----------------+-----
Unarmed Combat | 1 2 3 4 |  4.0
Fighting       | 1 2 |  2.5
Invocations    | 1 |  1.1
Throwing       | |  0.1
Armour         | |  0.7
Dodging        | |  1.7
Stealth        | |  2.1
Spellcasting   | |  2.6
Conjurations   | |  0.7
Summonings     | |  0.8
Translocations | |  0.8
Evocations     | |  0.4

Action                   |  1- 3 |  4- 6 || total
-------------------------+-------+-------++-------
Melee: Unarmed           |    45 |    72 ||   117
       Dagger            |     2 |       ||     2
       Punch             |     2 |       ||     2
 Cast: Magic Dart        |    63 |       ||    63
  Use: Potion            |     1 |       ||     1
       Scroll            |       |     5 ||     5
Armor: Robe              |    12 |       ||    12
       Chain mail        |       |    45 ||    45
Dodge: Dodged            |    42 |    28 ||    70
